AoeStats
← impossible

Baltic

510364617Analyzed
2v2 RM · 3d ago on Sep 30, 2026· 26m 25s· 4 players
Game mode
Random Map
Map size
Medium (4 player)
Population
200
Speed
Normal
Resources
Standard
Victory
Conquest
Starting age
Dark Age
Ending age
Imperial Age
RankedLock teamsTeams togetherTeam positionsShared explorationLock speedFull tech treeHidden civsTurbo modeCheats
Victory
Defeat
🇷🇺 Malay · Russia
1190
+14
🇮🇹 Spanish · Italy
1189
+14
🇩🇪 Spanish · Germany
1143
-14
🇩🇪 Saxons · Germany
1141
-14
impossible
8:41 Loom
11:07 Feudal Age
15:04 Fletching
19:23 Castle Age
17:15 Double-Bit Axe
19:20 Medium Warships
19:34 Bodkin Arrow
19:57 Bow Saw
23:17 Careening
25:11 Ballistics
TheScRider
9:19 Loom
11:05 Feudal Age
15:50 Castle Age
16:43 Medium Warships
bagagagag
3:43 Loom
11:46 Feudal Age
13:00 Double-Bit Axe
19:44 Castle Age
17:40 Gold Mining
17:58 Fishing Lines
18:45 Bloodlines
18:52 Stone Mining
20:38 Medium Warships
21:30 Wheelbarrow
Kunta
9:40 Loom
11:44 Feudal Age
13:25 Double-Bit Axe
13:37 Gold Mining
19:36 Castle Age
17:34 Horse Collar
19:00 Stone Mining
20:30 Medium Warships
22:26 Bow Saw
22:20 Fletching
23:48 Bodkin Arrow
Connection lost

Rejoining the realm…

Still unreachable

The connection could not be restored.

Session expired

The server has moved on; the page needs a fresh start.